 Dungeon Crawl Stone Soup version 0.16.1-14-g82efdee (webtiles) character file.

74144 Thalios the Warrior (level 15, -3/109 HPs)
             Began as a Gargoyle Fighter on Apr 10, 2015.
             Was the Champion of Okawaru.
             Slain by an ettin
             ... wielding a +4 dire flail of draining
              (13 damage)
             ... on level 4 of the Orcish Mines on Apr 12, 2015.
             The game lasted 01:55:37 (30061 turns).

Thalios the Warrior (Gargoyle Fighter)             Turns: 30061, Time: 01:55:37

Health: -3/109     AC: 37    Str: 20    XL:     15   Next: 45%
Magic:  15/15      EV:  7    Int: 18    God:    Okawaru [******]
Gold:   542        SH:  0    Dex: 13    Spells: 0 memorised, 14 levels left

rFire  . . .     SeeInvis .     Y - +2 great mace (drain)
rCold  + . .     Clarity  .     F - +0 plate armour
rNeg   + . .     SustAb   .     (no shield)
rPois  ∞         Gourm    .     b - +1 helmet {Int+3}
rElec  +         Spirit   .     t - +0 cloak
rCorr  .         Warding  .     S - +1 pair of gloves {rF+}
rMut   +         Stasis   .     j - +2 pair of boots of Negligence {rElec MR+ Int+2}
MR     ++...                    U - amulet of resist mutation
Stlth  ..........               w - ring of wizardry
                                q - ring of ice

@: flying, very resistant to hostile enchantments, extremely unstealthy
A: able to fly continuously, big wings, agile 1, negative energy resistance 1,
electricity resistance, spit poison 1, unbreathing, petrification resistance,
rot immunity, AC +11
a: Spit Poison, Stop Flying, Heroism, Finesse, Renounce Religion


You were on level 4 of the Orcish Mines.
You worshipped Okawaru.
Okawaru was exalted by your worship.
You were not hungry.

You visited 4 branches of the dungeon, and saw 22 of its levels.
You also visited: Volcano.

You collected 2002 gold pieces.
You spent 1460 gold pieces at shops.

Inventory:

Hand weapons
 x - a +0 triple crossbow
 H - a +0 arbalest of freezing
 Y - a +2 great mace of draining (weapon)
Missiles
 J - 79 bolts
Armour
 b - a +1 helmet of intelligence (worn)
 j - the +2 pair of boots of Negligence (worn) {rElec MR+ Int+2}
   (Okawaru gifted it to you on level 5 of the Lair of Beasts)

   It affects your intelligence (+2).
   It insulates you from electricity.
   It affects your resistance to hostile enchantments.
 t - a +0 cloak (worn)
 F - a +0 plate armour (worn)
 S - a +1 pair of gloves of fire resistance (worn)
Jewellery
 q - a ring of ice (left hand)
 w - a ring of wizardry (right hand)
 U - an amulet of resist mutation (around neck)
Magical devices
 c - a wand of polymorph (10)
 d - a wand of draining (6)
 m - a wand of slowing (20)
 C - a wand of cold (1)
 I - a wand of frost (16)
 L - a wand of digging (10)
 T - a wand of confusion (36)
 W - a wand of slowing (26)
 Z - a wand of confusion (19)
Scrolls
 a - 3 scrolls of amnesia
 f - 6 scrolls of teleportation
 h - 4 scrolls of fear
 i - 2 scrolls of immolation
 l - 4 scrolls of blinking
 p - 5 scrolls of remove curse
 s - 4 scrolls of magic mapping
 B - 2 scrolls of recharging
 G - a scroll of silence {unknown}
 O - a scroll of acquirement
 Q - 4 scrolls of fog
Potions
 e - a potion of cancellation {unknown}
 g - 4 potions of brilliance
 r - 2 potions of agility
 v - 3 potions of haste
 A - 3 potions of curing
 D - 2 potions of cure mutation
 E - a potion of restore abilities
 K - a potion of berserk rage
 P - 2 potions of resistance
 V - a potion of heal wounds
Miscellaneous
 z - a lamp of fire
 M - an ornate deck of wonders
 R - a phial of floods
Comestibles
 k - a royal jelly
 n - a slice of pizza
 o - 3 fruits
 u - 2 meat rations
 N - 3 beef jerkies


   Skills:
 * Level 18.3 Fighting
 - Level 15.7 Maces & Flails
 + Level 13.7 Armour
   Level 3.2 Shields


You had 14 spell levels left.
You didn't know any spells.

Dungeon Overview and Level Annotations

Branches:
Dungeon (10/15)            Temple (1/1) D:6            Lair (7/8) D:9
 Shoals (0/5) Lair:5       Spider (0/5) Lair:4        Slime (0/6) Lair:7
    Orc (4/4) D:10            Elf (0/3) Orc:4

Altars:
Ashenzari
Cheibriados
Dithmenos
Elyvilon
Fedhas
Gozag
Kikubaaqudgha
Makhleb
Nemelex Xobeh
Okawaru
Qazlal
Ru
Sif Muna
Trog
Vehumet
Xom
Yredelemnul
Zin
The Shining One
Beogh
Jiyva

Shops:
D:5 (   D:10 }:(*   Orc:3 *(?*%   Orc:4 [(


Innate Abilities, Weirdness & Mutations

You are resistant to torment.
You are immune to poison.
You can fly continuously.
Your stone body is very resilient (AC +11).
Your wings are large and strong.
You resist negative energy.
You are resistant to electric shocks.
You can survive without breathing.
You are immune to petrification.
You are immune to rotting.
You are agile. (Dex +2)
You can spit poison.


Message History

The tomahawk hits you but does no damage.
You barely miss the orc warrior.
The orc warrior is severely wounded.
The orc shouts!
The ettin hits you but does no damage. The ettin hits you with a dire flail!!
The orc hits you but does no damage.
The orc warrior hits you with a short sword!
An orc comes into view. It is wielding a dagger.
The ettin hits you with a dire flail of draining!
The ettin hits you with a dire flail!
The orc warrior hits you but does no damage.
The orc hits you but does no damage. The orc hits you but does no damage.
The ettin hits you with a dire flail of draining!!
The ettin hits you with a dire flail!
* * * LOW HITPOINT WARNING * * *
The ettin hits you with a dire flail of draining!
* * * LOW HITPOINT WARNING * * *
The ettin hits you with a dire flail!
You die...

#...........# ........
#...........# ## #####..
#..[...o..### #.# #...#8.
#...)...###.##.# #(..##'
##.....oo##....## ##'###)
#.......og#.....# ..# #....)
#.......oo......##..# #.##)#
#.#.......o#o...#....# #.#.).
###........C@...#.... #.#... #+##
###P............# ####.#### ...#
###♣............# #........ ...#
##≈#P.♣.........####.####... ≈o≈#
#≈≈≈≈....#....).'....#..#..)
≈o≈###≈≈)≈≈..##.....)####))).#)..
≈≈≈##≈#≈≈≈≈.♣##.....#####.#..#)..
≈≈≈#≈≈≈≈≈≈≈≈# #♣...###.)#.####.##
#≈≈≈≈≈≈≈≈≈### ##..####..'.....(#.


You could see an ettin, 2 orc warriors and 4 orcs.

Vanquished Creatures
  Rupert (Lair:6)
  An orc warlord (Orc:4)
  A hydra (Lair:6)
  A centaur warrior (Volcano)
  Harold (Orc:2)
  The ghost of giann the Cleaver, an experienced HOBe of Trog (D:10)
  Erica (Lair:6)
  9 death yaks (Lair:7)
  6 orc high priests (Orc:4)
  A fire crab (Lair:6)
  2 hill giants
  A necromancer (Lair:7)
  An orb spider (Lair:4)
  5 orc sorcerers (Orc:4)
  3 orc knights
  4 black mambas
  9 elephants (Lair:7)
  A sixfirhy (Orc:4)
  9 spiny frogs
  A centaur skeleton (D:10)
  A torpor snail (Lair:4)
  A queen ant (Lair:6)
  4 komodo dragons
  2 yaktaurs (Volcano)
  2 fire drakes (Lair:7)
  5 two-headed ogres (Orc:4)
  4 polar bears (Lair:2)
  4 trolls
  Prince Ribbit (D:7)
  A trapdoor spider zombie (D:8)
  3 basilisks (Lair:6)
  2 deep elf magi
  46 blink frogs
  3 fire bats (Volcano)
  20 wolves
  Eustachio (D:7)
  52 yaks
  2 hungry ghosts
  Grum (Orc:2)
  A wyvern (Lair:6)
  Edmund (D:7)
  5 wargs
  2 ice beasts
  8 hippogriffs
  44 orc warriors
  14 water moccasins
  2 sky beasts (D:6)
  3 orc zombies (Orc:4)
  A swamp drake (D:10)
  6 black bears
  2 phantoms
  14 soldier ants
  9 porcupines
  2 elephant zombies (Lair:7)
  A wasp (D:8)
  8 centaurs
  15 ogres
  14 crocodiles
  3 big kobolds
  19 giant frogs
  3 scorpions
  10 killer bees
  A centaur zombie (D:9)
  5 electric eels
  A goliath beetle (D:7)
  8 wights
  3 lava snakes (Volcano)
  2 basilisk zombies (Lair:7)
  4 crimson imps
  21 orc priests
  2 jellies
  7 hounds
  2 quasits
  31 orc wizards
  37 worker ants
  11 iguanas
  A crocodile zombie (Lair:7)
  Ijyb (D:4)
  A hound zombie (D:9)
  A worker ant zombie (D:9)
  Robin (D:2)
  6 gnolls
  23 adders
  2 giant mites
  29 river rats
  7 worms
  2 shadow imps (D:7)
  2 adder skeletons
  7 giant geckos
  3 oozes
  265 orcs
  3 ball pythons
  21 bats
  A bat skeleton (D:6)
  5 giant cockroaches
  33 goblins
  17 hobgoblins
  10 jackals
  27 kobolds
  10 quokkas
  6 giant newts
  17 rats
1037 creatures vanquished.

Vanquished Creatures (others)
  An orc wizard (Orc:4)
  An adder (Lair:7)
  2 orcs
  A giant spore (D:8)
  13 fungi
  6 plants
24 creatures vanquished.

Grand Total: 1061 creatures vanquished

Notes
Turn   | Place    | Note
--------------------------------------------------------------
     0 | D:1      | Thalios, the Gargoyle Fighter, began the quest for the Orb.
     0 | D:1      | Reached XP level 1. HP: 14/14 MP: 1/1
   376 | D:1      | Reached XP level 2. HP: 20/20 MP: 2/2
   422 | D:1      | Reached skill level 4 in Fighting
   976 | D:2      | Reached XP level 3. HP: 24/24 MP: 3/3
  1186 | D:2      | Reached skill level 5 in Fighting
  1242 | D:2      | Reached XP level 4. HP: 27/31 MP: 4/4
  1642 | D:2      | Noticed Robin
  1683 | D:2      | Killed Robin
  1695 | D:2      | Reached skill level 6 in Fighting
  1699 | D:2      | Reached XP level 5. HP: 22/36 MP: 5/5
  2123 | D:3      | Noticed a phantom
  2223 | D:2      | Killed a phantom
  2223 | D:2      | Reached skill level 7 in Fighting
  2223 | D:2      | Reached XP level 6. HP: 25/44 MP: 6/6
  2810 | D:4      | Reached skill level 8 in Fighting
  2847 | D:4      | Found a blossoming altar of Fedhas.
  2868 | D:4      | Noticed Ijyb
  2906 | D:4      | Killed Ijyb
  2906 | D:4      | Reached XP level 7. HP: 50/50 MP: 7/7
  2968 | D:4      | Found a glowing silver altar of Zin.
  2980 | D:4      | Found a basalt altar of Yredelemnul.
  2981 | D:4      | Found a shattered altar of Ashenzari.
  2981 | D:4      | Found a stormy altar of Qazlal.
  2982 | D:4      | Found a snail-covered altar of Cheibriados.
  2984 | D:4      | Found a sparkling altar of Nemelex Xobeh.
  2985 | D:4      | Found a sacrificial altar of Ru.
  3211 | D:4      | Found a shadowy altar of Dithmenos.
  3242 | D:4      | Reached skill level 9 in Fighting
  3641 | D:4      | Found a deep blue altar of Sif Muna.
  3682 | D:5      | Entered Level 5 of the Dungeon
  3802 | D:5      | Found Thrisk's Antique Weapon Emporium.
  4177 | D:5      | Found a radiant altar of Vehumet.
  4387 | D:6      | Reached skill level 10 in Fighting
  4387 | D:6      | Reached XP level 8. HP: 53/57 MP: 8/8
  4391 | D:6      | Gained mutation: You can spit poison. [mutagenic meat]
  4392 | D:6      | Gained mutation: You are agile. (Dex +2) [mutagenic meat]
  4828 | D:6      | Reached skill level 11 in Fighting
  5175 | D:6      | Found a staircase to the Ecumenical Temple.
  5864 | D:7      | Reached skill level 12 in Fighting
  5926 | D:7      | Noticed Eustachio
  5926 | D:7      | Noticed Edmund
  5947 | D:7      | Killed Edmund
  5947 | D:7      | Reached XP level 9. HP: 62/65 MP: 9/9
  5975 | D:7      | Killed Eustachio
  6063 | Temple   | Entered the Ecumenical Temple
  6074 | Temple   | Became a worshipper of Warmaster Okawaru
  6795 | D:7      | Reached skill level 13 in Fighting
  7229 | D:7      | Noticed Prince Ribbit
  7245 | D:7      | Killed Prince Ribbit
  7245 | D:7      | Acquired Okawaru's first power
  7709 | D:7      | Reached skill level 14 in Fighting
  8198 | D:8      | Reached XP level 10. HP: 34/76 MP: 10/10
  8572 | D:8      | Reached skill level 15 in Fighting
  8659 | D:8      | Found a burning altar of Makhleb.
  8659 | D:8      | Found a shimmering altar of Xom.
  9508 | D:9      | Found a staircase to the Lair.
  9862 | D:9      | Reached skill level 5 in Maces & Flails
 10019 | D:10     | Entered Level 10 of the Dungeon
 10050 | D:10     | Found a roughly hewn altar of Beogh.
 10253 | D:9      | Noticed a hill giant
 10279 | D:9      | Killed a hill giant
 10649 | D:9      | Found a glowing silver altar of Zin.
 11381 | Lair:1   | Entered Level 1 of the Lair of Beasts
 11400 | D:9      | Reached XP level 11. HP: 59/81 MP: 11/11
 12366 | Lair:1   | Acquired Okawaru's second power
 12366 | Lair:1   | Reached skill level 10 in Maces & Flails
 12582 | Lair:1   | Reached skill level 5 in Armour
 13451 | Lair:2   | Received a gift from Okawaru
 13802 | Lair:2   | Reached XP level 12. HP: 87/87 MP: 12/12
 15331 | Lair:3   | Got a crystal broad axe
 15332 | Lair:3   | Identified the +12 broad axe "Peywez" {chop, -Tele rN+ Int+2} (You found it on level 3 of the Lair of Beasts)
 15675 | Lair:3   | You fall through a shaft for 3 floors!
 15705 | Lair:6   | Noticed an eight-headed hydra
 15723 | Lair:6   | Killed an eight-headed hydra
 15750 | Lair:6   | Found a dark tunnel.
 16001 | Volcano  | Entered a volcano
 16236 | Volcano  | Noticed a centaur warrior
 16248 | Volcano  | HP: 4/87 [centaur warrior (3)]
 16249 | Volcano  | Killed a centaur warrior
 16249 | Volcano  | Received a gift from Okawaru
 16250 | Volcano  | Got a heavily runed scale mail {god gift}
 16640 | Volcano  | Found a radiant altar of Vehumet.
 16691 | Volcano  | Found a burning altar of Makhleb.
 16768 | Lair:6   | Upgraded the game from 0.16.1-12-gf5c4a84 to 0.16.1-14-g82efdee
 16811 | Lair:6   | Noticed Rupert
 16844 | Lair:6   | Killed Rupert
 17206 | Lair:6   | Noticed Erica
 17222 | Lair:6   | Killed Erica
 17528 | Lair:6   | Reached XP level 13. HP: 81/92 MP: 13/13
 18310 | Lair:4   | Reached skill level 10 in Armour
 18577 | Lair:4   | Identified the -1 scale mail of the Orbs {rElec rF+ rC+ Int+3} (Okawaru gifted it to you in a volcano)
 19190 | Lair:4   | Found a hole to the Spider Nest.
 19362 | Lair:4   | Received a gift from Okawaru
 19793 | Lair:5   | Found a staircase to the Shoals.
 20021 | Lair:5   | Reached skill level 15 in Maces & Flails
 20601 | Lair:5   | Received a gift from Okawaru
 20725 | Lair:5   | Got a pair of spiked boots {god gift}
 20736 | Lair:5   | Identified the +2 pair of boots of Negligence {rElec MR+ Int+2} (Okawaru gifted it to you on level 5 of the Lair of Beasts)
 22226 | Lair:6   | Gained mutation: Your wings are large and strong. [gargoyle growth]
 22226 | Lair:6   | Reached XP level 14. HP: 98/98 MP: 14/14
 22654 | Lair:7   | Found a viscous altar of Jiyva.
 22654 | Lair:7   | Found a staircase to the Slime Pits.
 23214 | Lair:7   | Reached skill level 16 in Fighting
 23414 | Lair:7   | Received a gift from Okawaru
 24573 | D:10     | Found Schasheo's Book Shop.
 24607 | D:10     | Found Motorofua's Antique Weapon Shoppe.
 24834 | D:10     | Found Quitom's Gadget Shop.
 24845 | D:10     | Bought a lamp of fire for 480 gold pieces
 24845 | D:10     | Bought an ornate deck of wonders for 240 gold pieces
 24849 | D:10     | Noticed giann's ghost (experienced HOBe)
 24872 | D:10     | Killed giann's ghost
 24872 | D:10     | Received a gift from Okawaru
 24872 | D:10     | Reached skill level 17 in Fighting
 25256 | D:10     | Found a staircase to the Orcish Mines.
 25613 | D:10     | Found Niluj's General Store.
 25622 | D:10     | Bought a potion of mutation for 42 gold pieces
 25702 | Orc:1    | Entered Level 1 of the Orcish Mines
 25721 | Orc:1    | Found a roughly hewn altar of Beogh.
 26375 | Orc:2    | Found a bloodstained altar of Trog.
 26392 | Orc:2    | Noticed Harold
 26408 | Orc:2    | Killed Harold
 26613 | Orc:2    | Noticed Grum
 26637 | Orc:2    | Killed Grum
 26773 | Orc:2    | Found Ryrya's Gadget Emporium.
 27197 | Orc:3    | Found Shrifen's Weapon Emporium.
 27239 | Orc:3    | Found Logokas' Assorted Antiques.
 27241 | Orc:3    | Found Raiwkus' Magic Scroll Shop.
 27258 | Orc:3    | Reached XP level 15. HP: 107/107 MP: 15/15
 27281 | Orc:3    | Bought a scroll of acquirement for 676 gold pieces
 27343 | Orc:3    | Found Qehaecah's Food Shop.
 27345 | Orc:3    | Bought a royal jelly for 22 gold pieces
 27411 | Orc:3    | Found Egax's General Store.
 27776 | Orc:4    | Entered Level 4 of the Orcish Mines
 28524 | Orc:4    | Received a gift from Okawaru
 28728 | Orc:4    | Found a staircase to the Elven Halls.
 28968 | Orc:4    | Found a roughly hewn altar of Beogh.
 28996 | Orc:4    | Reached skill level 18 in Fighting
 29351 | Orc:4    | Found Iniaguf's Antique Weapon Shoppe.
 29520 | Orc:4    | Found Zokhimm's Antique Armour Emporium.
 30061 | Orc:4    | Slain by an ettin

Action                   |  1- 3 |  4- 6 |  7- 9 | 10-12 | 13-15 || total
-------------------------+-------+-------+-------+-------+-------++-------
Melee: Flail             |   105 |   332 |   374 |       |       ||   811
       Dire flail        |       |       |   170 |       |       ||   170
       Demon whip        |       |       |       |  1182 |   323 ||  1505
       Great mace        |       |       |       |       |  1570 ||  1570
 Fire: Arbalest          |       |       |       |       |    10 ||    10
Throw: Tomahawk          |       |       |    14 |     8 |       ||    22
Invok: Heroism           |       |       |     1 |     7 |     4 ||    12
       Finesse           |       |       |       |     1 |       ||     1
 Abil: Spit Poison       |       |       |       |     1 |       ||     1
       Fly               |       |       |       |       |     1 ||     1
Evoke: Wand              |       |       |       |     1 |       ||     1
  Use: Potion            |       |       |     2 |     4 |     5 ||    11
       Scroll            |       |       |       |    11 |    20 ||    31
  Eat: Chunk             |     1 |     6 |    19 |    25 |    43 ||    94
       Fruit             |       |       |     2 |     4 |       ||     6
       Pizza             |       |       |       |     1 |       ||     1
       Beef jerky        |       |       |       |     1 |       ||     1
